 Dungeon Crawl Stone Soup version 0.21.0-25-ge575cb9ce8 (webtiles) character file.

3339 Gargoyl the Schismatic (level 9, -5/74 HPs)
             Began as a Centaur Abyssal Knight on Jan 26, 2018.
             Was an Elder of Lugonu.
             Splashed by Maurice's acid (8 damage)
             ... on level 8 of the Dungeon.
             The game lasted 00:15:25 (9884 turns).

Gargoyl the Schismatic (Centaur Abyssal Knight)     Turns: 9884, Time: 00:15:27

Health: -5/74      AC: 11    Str: 20    XL:     9   Next: 72%
Magic:  14/14      EV:  1    Int: 13    God:    Lugonu [****..]
Gold:   538        SH: 13    Dex: 12    Spells: 8/8 levels left

rFire    . . .     SeeInvis +   a - +3 hand axe
rCold    . . .     Gourm    .   i - +2 shield
rNeg     . . .     Faith    .   f - +0 plate armour
rPois    +         Spirit   .   C - +2 helmet {SInv}
rElec    .         Reflect  +   (no cloak)
rCorr    .         Harm     .   (no gloves)
MR       .....                  G - +0 centaur barding
Stlth    ..........             y - +2 amulet of reflection
HPRegen  0.22/turn              z - +3 ring of strength (curse)
MPRegen  0.14/turn              F - +1 ring of protection

@: corroded, very quick
A: large, hooves 3, agile 1, clever 1, deformed body, speed 2, poison
resistance, tough skin 3
a: Depart the Abyss, Bend Space, Banish, Corrupt, Renounce Religion


You were on level 8 of the Dungeon.
You worshipped Lugonu.
Lugonu was greatly pleased with you.
You were not hungry.

You visited 1 branch of the dungeon, and saw 8 of its levels.
You visited the Abyss 1 time.
You also visited: Sewer.

You collected 538 gold pieces.

Inventory:

Hand Weapons
 a - a +3 hand axe (weapon)
Missiles
 k - 6 javelins (quivered)
Armour
 f - a +0 plate armour (worn)
 i - a +2 shield (worn)
 C - a +2 helmet of see invisible (worn)
 G - a +0 centaur barding (worn)
Jewellery
 y - a +2 amulet of reflection (around neck)
 z - a cursed +3 ring of strength (left hand)
 F - a +1 ring of protection (right hand)
Wands
 g - a wand of random effects (33)
 l - a wand of digging (2)
 u - a wand of enslavement (18)
 E - a wand of clouds (6)
Scrolls
 j - 8 scrolls of remove curse
 p - 2 scrolls of fear
 q - a scroll of blinking
 r - 9 scrolls of fog
 s - 2 scrolls of teleportation
 x - 3 scrolls of magic mapping
 B - a scroll of amnesia
Potions
 d - 2 potions of flight
 h - a potion of curing
 m - a potion of resistance {unknown}
 n - 2 potions of haste
 o - a potion of agility
 t - a potion of might {unknown}
 v - 2 potions of magic
 w - 3 potions of brilliance
 A - 2 potions of invisibility
 D - 2 potions of cancellation
Books
 b - a book of Conjurations

   Spells                             Type                      Level
   a - Magic Dart                     Conjuration                  1
   b - Searing Ray                    Conjuration                  2
   c - Dazzling Spray                 Conjuration/Hexes            3
   d - Fulminant Prism                Conjuration/Hexes            4
   e - Force Lance                    Conjuration/Translocation    4
   f - Iskenderun's Mystic Blast      Conjuration                  4
Miscellaneous
 e - a sack of spiders
Comestibles
 c - 13 rations


   Skills:
 + Level 5.0 Fighting
 + Level 6.3 Axes
 + Level 0.3 Throwing
 * Level 5.8 Armour
 + Level 1.0 Dodging
 + Level 4.1 Shields
 * Level 7.1 Invocations


You had 8 spell levels left.
You didn't know any spells.

Dungeon Overview and Level Annotations

Branches:
Dungeon (8/15)             Temple (0/1) D:4
   Lair: D:8-11

Altars:
Ashenzari
Cheibriados
Fedhas
Sif Muna
Vehumet
Xom

Annotations:
D:8 Maurice


Innate Abilities, Weirdness & Mutations

You have hooves in place of feet.
Armour fits poorly on your strangely shaped body.
You cover ground very quickly.
You have extremely tough skin. (AC +3)
You are agile. (Dex +2)
Your mind is acute. (Int +2)
Your system is resistant to poisons. (rPois)


Message History

You reflect the arrow off an invisible shield around you!
The arrow hits the centaur!
Maurice hits you but does no damage.
Unknown command.
You hit Maurice but do no damage.
The centaur shoots an arrow.
You reflect the arrow off an invisible shield around you!
The arrow closely misses the centaur.
Maurice hits you with a short sword!
Maurice steals 3 of your 5 potions of magic!
You hit Maurice but do no damage.
The centaur shoots an arrow.
The arrow hits you but does no damage.
Maurice zaps a wand.
The bolt of acid hits you! The acid corrodes you!
You are splashed with acid!
The acid burns!
* * * LOW HITPOINT WARNING * * *
You closely miss Maurice. You kick Maurice, but do no damage.
The centaur shoots an arrow.
The arrow hits you.
* * * LOW HITPOINT WARNING * * *
Maurice zaps a wand.
The bolt of acid hits you!
* * * LOW HITPOINT WARNING * * *
The acid corrodes you!
You are splashed with acid!
The acid burns!
You die...

#######...#######.
..%........(......
........!........)
............Y....#
#...).|.# #.#.).#(#
#.#...#c# #.#...#.#
#.#...#@# ######.....@.#
#(.........###
#.########## #.##
######## ###).########
#......# ##.#.........#
#.####.#
#.....#.####.####.####.#
##.##................#.#


You could see Maurice, a sky beast and a centaur.

Vanquished Creatures
  Pikel (D:6)
  Grinder (D:3)
  A hornet (D:8)
  Sigmund (D:4)
  Grum (D:8)
  Edmund (D:4)
  A soldier ant (D:8)
  An orc warrior (D:8)
  A phantom (D:6)
  3 wolves (D:8)
  The ghost of NihilVerum the Grave Robber, an amateur DsNe (D:3)
  2 bullfrogs (Sewer)
  2 wights (D:8)
  2 crimson imps (D:7)
  3 bullfrog zombies
  2 hounds (D:5)
  2 orc priests
  2 bullfrog skeletons
  A hell rat (D:8)
  7 orc wizards
  4 worker ants
  3 iguanas
  2 hound skeletons
  5 river rats
  12 adders
  An adder zombie (D:7)
  An adder skeleton (D:6)
  4 worms
  2 dart slugs
  5 leopard geckos
  28 orcs
  9 bats
  8 giant cockroaches
  6 goblins
  6 hobgoblins
  5 jackals (D:1)
  9 kobolds
  2 quokkas
  13 ball pythons
  7 frilled lizards
  33 rats
201 creatures vanquished.

Vanquished Creatures (others)
  A wyvern (D:7)
  Eustachio (D:6)
  A water moccasin (D:6)
  A slave (D:6)
  A worker ant (D:6)
  A leopard gecko (D:6)
6 creatures vanquished.

Grand Total: 207 creatures vanquished

Notes
Turn   | Place    | Note
-------+----------+-------------------------------------------
     0 | Abyss:1  | Gargoyl the Centaur Abyssal Knight began the quest for the Orb.
     0 | Abyss:1  | Reached XP level 1. HP: 19/19 MP: 2/2
   105 | Abyss:2  | Noticed a raiju
   120 | Abyss:3  | Noticed a dire elephant
   120 | Abyss:3  | Noticed a dire elephant
   124 | Abyss:3  | Noticed an elephant
   126 | Abyss:3  | Noticed a hellephant
   127 | Abyss:3  | Noticed an elephant
   160 | Abyss:4  | Noticed a lightning spire
   220 | Abyss:4  | Noticed a white very ugly thing
   243 | Abyss:4  | Noticed an apocalypse crab
   246 | D:1      | Escaped the Abyss
   294 | D:1      | Reached XP level 2. HP: 17/26 MP: 3/3
   618 | D:1      | Reached * piety under Lugonu
   841 | D:1      | Reached XP level 3. HP: 29/31 MP: 4/4
  1908 | D:3      | Reached XP level 4. HP: 38/38 MP: 6/6
  1928 | D:3      | Reached skill level 3 in Invocations
  1966 | D:3      | Noticed Grinder
  1973 | D:3      | Paralysed by Grinder for 2 turns
  2120 | D:3      | Paralysed by Grinder for 6 turns
  2131 | D:3      | Killed Grinder
  2131 | D:3      | Reached skill level 1 in Shields
  2131 | D:3      | Reached XP level 5. HP: 27/46 MP: 7/7
  2131 | D:3      | Reached XP level 6. HP: 31/52 MP: 8/8
  2260 | D:3      | Found a snail-covered altar of Cheibriados.
  2288 | D:3      | Reached ** piety under Lugonu
  2328 | D:3      | Noticed NihilVerum's ghost (amateur DsNe)
  3047 | D:3      | Killed NihilVerum's ghost
  3047 | D:3      | Reached skill level 4 in Invocations
  3328 | D:3      | Found a radiant altar of Vehumet.
  3376 | D:3      | Found a blossoming altar of Fedhas.
  3688 | D:4      | Found a shattered altar of Ashenzari.
  3688 | D:4      | Noticed Sigmund
  3700 | D:4      | Killed Sigmund
  3700 | D:4      | Reached XP level 7. HP: 52/59 MP: 10/10
  3790 | D:4      | Gained mutation: Your system is resistant to poisons. (rPois) [potion of mutation]
  3790 | D:4      | Gained mutation: You are agile. (Dex +2) [potion of mutation]
  3790 | D:4      | Gained mutation: Your mind is acute. (Int +2) [potion of mutation]
  4524 | D:4      | Found a staircase to the Ecumenical Temple.
  4732 | D:4      | Noticed Edmund
  4770 | D:4      | Killed Edmund
  5248 | D:5      | Entered Level 5 of the Dungeon
  5327 | D:5      | Found a glowing drain.
  5347 | Sewer    | Entered a sewer
  5433 | Sewer    | Reached *** piety under Lugonu
  5738 | Sewer    | Reached XP level 8. HP: 43/66 MP: 8/11
  5740 | Sewer    | Reached **** piety under Lugonu
  5740 | Sewer    | Reached skill level 5 in Invocations
  6255 | D:5      | Found a deep blue altar of Sif Muna.
  6677 | D:6      | Noticed Pikel
  6698 | D:6      | Killed Pikel
  6698 | D:6      | Reached skill level 5 in Axes
  6795 | D:6      | Noticed Eustachio
  6843 | D:6      | Killed Eustachio
  7175 | D:6      | Got a steaming scale mail
  7186 | D:6      | Identified the +1 scale mail of the Bouncing Beds {rC+} (You found it on level 6 of the Dungeon)
  7524 | D:6      | Reached skill level 6 in Invocations
  7679 | D:6      | Reached XP level 9. HP: 72/72 MP: 13/13
  7999 | D:7      | Found a shimmering altar of Xom.
  8073 | D:7      | Reached skill level 5 in Armour
  8890 | D:8      | Noticed Grum
  8939 | D:7      | Reached skill level 1 in Dodging
  9258 | D:8      | Killed Grum
  9845 | D:8      | Reached skill level 5 in Fighting
  9860 | D:8      | Noticed Maurice
  9873 | D:8      | Reached skill level 7 in Invocations
  9884 | D:8      | HP: 3/74 [Maurice/wand of acid (9) (10)]
  9884 | D:8      | Splashed by Maurice's acid

Skill      XL: |  1  2  3  4  5  6  7  8  9 |
---------------+----------------------------+-----
Axes           | 2 3 4 5 6 |  6.3
Invocations    | 3 4 6 7 |  7.1
Armour         | 2 3 4 5 |  5.8
Shields        | 1 2 3 4 |  4.1
Fighting       | 4 5 |  5.0
Dodging        | 1 |  1.0
Throwing       | |  0.3

Action                   |  1- 3 |  4- 6 |  7- 9 || total
-------------------------+-------+-------+-------++-------
Melee: Hand axe          |   114 |   122 |   493 ||   729
       Kick              |    16 |    25 |   125 ||   166
Throw: Javelin           |       |       |     5 ||     5
Invok: Depart the Abyss  |     1 |       |       ||     1
       Bend Space        |       |       |     1 ||     1
       Banish            |       |       |     1 ||     1
  Use: Scroll            |     5 |     2 |     7 ||    14
       Potion            |       |     4 |     5 ||     9
  Eat: Chunk             |     1 |     3 |    14 ||    18
       Ration            |       |     1 |     1 ||     2
Armor: Plate armour      |   107 |    55 |   322 ||   484
       Skin              |       |       |    14 ||    14
Dodge: Dodged            |     1 |     4 |    14 ||    19
Block: Shield            |    62 |    73 |   327 ||   462
       Reflection        |       |       |     2 ||     2
